 Dungeon Crawl Stone Soup version 0.28.0-43-g3370ac3207 (webtiles) character file.

Game seed: 7932836829295333387

991 unlimited1921 the Ogre Mage (level 8, 0/80 HPs)
             Began as an Ogre Fire Elementalist on Mar 13, 2022.
             Slain by an ogre
             ... wielding a +0 giant spiked club
              (17 damage)
             ... on level 6 of the Dungeon on Mar 14, 2022.
             The game lasted 00:35:51 (11560 turns).

unlimited1921 the Ogre Mage (OgFE)                 Turns: 11560, Time: 00:35:58

Health: 0/80       AC:  5    Str: 18    XL:     8   Next: 18%
Magic:  3/17       EV: 10    Int: 18    God:
Gold:   174        SH:  0    Dex:  9    Spells: 16/19 levels left

rFire   + . .      SeeInvis +   k - +0 whip (venom)
rCold   . . .      Faith    .   (no shield)
rNeg    . . .      Spirit   .   l - +1 robe {Will+}
rPois   .          Reflect  .   (helmet restricted)
rElec   .          Harm     .   a - +0 cloak
rCorr   .          Rampage  .   (gloves unavailable)
Will    +....                   (boots unavailable)
Stlth   +.........              (no amulet)
HPRegen 0.23/turn               n - ring of see invisible
MPRegen 0.15/turn               y - ring "Kiekas" {rF+ Str+5 Stlth-}

@: no status effects
A: large, unfitting armour, tough skin 1
a: no special abilities


You were on level 6 of the Dungeon.
You visited 1 branch of the dungeon, and saw 6 of its levels.

You collected 174 gold pieces.

Inventory:

Hand Weapons
 c - a +0 short sword
 h - a +0 flail
 k - a +0 whip of venom (weapon)
 q - a +0 hand axe
 z - a +0 giant spiked club
 C - a +0 dagger of protection
Missiles
 d - 76 stones
 g - 68 bolts
 r - 6 boomerangs (quivered)
Armour
 a - a +0 cloak (worn)
 l - a +1 robe of willpower (worn)
Jewellery
 n - a ring of see invisible (left hand)
 u - a ring of fire
 y - the ring "Kiekas" (right hand) {rF+ Str+5 Stlth-}
   (You found it on level 4 of the Dungeon)

   [ring of protection from fire]

   Str:       It affects your strength (+5).
   rF:        It protects you from fire.
   Stlth:     It makes you less stealthy.
Wands
 v - a wand of flame (8)
Scrolls
 b - a scroll of enchant weapon
 j - a scroll of teleportation
 o - a scroll of noise {unknown}
 p - 3 scrolls of enchant armour
 s - a scroll of identify
 A - a scroll of immolation {unknown}
 B - a scroll of fog {unknown}
Potions
 f - a potion of resistance {unknown}
 m - a potion of haste
 t - a potion of berserk rage {unknown}
 w - a potion of might
 x - 2 potions of brilliance {unknown}
 D - a potion of mutation {unknown}


   Skills:
 * Level 5.0 Fighting
 + Level 1.0 Maces & Flails
 + Level 0.1 Throwing
 + Level 2.4 Dodging
 + Level 2.1 Stealth
 + Level 6.2 Spellcasting
 + Level 3.0 Conjurations
 + Level 4.8 Fire Magic


You had 16 spell levels left.
You knew the following spells:

 Your Spells              Type           Power      Damage    Failure   Level
a - Foxfire               Conj/Fire      76%        2x1d7     2%          1
b - Scorch                Fire           46%        2d7       2%          2

Your spell library contained the following spells:

 Spells                   Type           Power      Damage    Failure   Level
 Conjure Flame            Conj/Fire      19%        6-21      7%          3
 Animate Skeleton         Necr           10%        N/A       12%         1
 Pain                     Necr           20%        1d5       12%         1
 Inner Flame              Hex/Fire       14%        N/A       13%         3
 Flame Wave               Conj/Fire      19%        2d6       24%         4
 Vampiric Draining        Necr           5%         2d6       34%         3


Dungeon Overview and Level Annotations

Branches:
Dungeon (6/15)
 Temple: D:4-7

Altars:
Ashenzari
Ru
The Shining One

Shops:
D:4 *

Annotations:
D:5 Duvessa, Eustachio, Grinder


Innate Abilities, Weirdness & Mutations

You are too large for most types of armour.
You have tough skin. (AC +1)


Message History

The shadow imp is moderately wounded.
The shadow imp completely misses you.
Casting: Scorch (safe; 2% risk of failure)
Confirm with . or Enter, or press ? or * to list all spells.
Flames lash the shadow imp.
You kill the shadow imp!
You hear a shout!
A centaur comes into view.
The centaur wields a +0 shortbow.
The centaur shoots an arrow.
The arrow hits you!
* * * LOW HITPOINT WARNING * * *
The centaur shoots an arrow.
The arrow hits you.
* * * LOW HITPOINT WARNING * * *
There is an escape hatch in the floor here.
You slide downwards.
The hatch slams shut behind you.
You start resting.
An ogre is nearby!
An ogre is nearby!
Throw: 6 boomerangs
Press: ? - help, Q - select action, (/) - cycle Shift-Dir - straight line, f - ogre
Aim: an ogre, wielding a +0 giant spiked club (72% to hit)
You throw a boomerang. The boomerang hits the ogre!
The ogre is moderately wounded.
Throw: 6 boomerangs
Press: ? - help, Q - select action, (/) - cycle Shift-Dir - straight line, f/p - ogre
Aim: an ogre, wielding a +0 giant spiked club (moderately wounded, 72% to hit)
You throw a boomerang. The boomerang hits the ogre.
The ogre is moderately wounded.
Throw: 6 boomerangs
Press: ? - help, Q - select action, (/) - cycle Shift-Dir - straight line, f/p - ogre
Aim: an ogre, wielding a +0 giant spiked club (moderately wounded, 72% to hit)
You throw a boomerang. The boomerang hits the ogre!
The ogre is heavily wounded.
Throw: 6 boomerangs
Press: ? - help, Q - select action, (/) - cycle Shift-Dir - straight line, f/p - ogre
Aim: an ogre, wielding a +0 giant spiked club (heavily wounded, 72% to hit)
You throw a boomerang. The boomerang hits the ogre.
The ogre is severely wounded.
The ogre hits you with a +0 giant spiked club!
You die...

#.#.##.#
#......#
####.###
#.# #.#
#.# #.#
####.##O#
#......@#
#.##.####
.. #.# #


You could see an ogre.

Vanquished Creatures
  An ogre (D:4)
  A phantom (D:5)
  2 scorpions
  A wyvern zombie (D:5)
  4 orc priests (D:5)
  A centaur skeleton (D:5)
  A bullfrog skeleton (D:5)
  A gnoll shaman (D:4)
  Ijyb (D:4)
  4 iguanas
  11 gnolls
  9 adders
  2 shadow imps (D:5)
  5 worms
  A dart slug (D:1)
  15 orcs
  6 ball pythons
  5 endoplasms
  4 giant cockroaches
  16 hobgoblins
  2 jackals (D:4)
  10 kobolds
  2 quokkas (D:1)
  9 bats
  5 frilled lizards
  3 goblins
  A jackal skeleton (D:4)
  3 rats
126 creatures vanquished.

Vanquished Creatures (others)
  302 foxfires
302 creatures vanquished.

Grand Total: 428 creatures vanquished

Notes
Turn   | Place    | Note
-------+----------+-------------------------------------------
     0 | D:1      | unlimited1921 the Ogre Fire Elementalist began the quest
                  | for the Orb.
     0 | D:1      | Reached XP level 1. HP: 16/16 MP: 3/3
    57 | D:1      | Reached skill level 1 in Conjurations
   236 | D:1      | Reached XP level 2. HP: 24/24 MP: 1/5
   890 | D:1      | Reached XP level 3. HP: 27/32 MP: 2/7
  1432 | D:1      | Found a faded altar of an unknown god.
  2615 | D:2      | Reached skill level 1 in Fighting
  2925 | D:2      | Reached XP level 4. HP: 41/41 MP: 5/8
  3795 | D:3      | Reached skill level 3 in Spellcasting
  3920 | D:3      | Reached XP level 5. HP: 43/49 MP: 3/9
  4375 | D:3      | Found a glowing drain.
  4788 | D:3      | Found a glowing golden altar of the Shining One.
  5160 | D:4      | Noticed Ijyb
  5179 | D:4      | Killed Ijyb
  5586 | D:4      | Found a broken altar of Ashenzari.
  6600 | D:4      | Reached XP level 6. HP: 59/59 MP: 5/11
  7020 | D:4      | Identified the ring "Kiekas" {rF+ Str+5 Stlth-}
  7026 | D:4      | Learned a level 2 spell: Scorch
  7266 | D:4      | Reached skill level 4 in Spellcasting
  7697 | D:4      | Found a sacrificial altar of Ru.
  8641 | D:4      | Reached XP level 7. HP: 66/67 MP: 1/13
  9210 | D:4      | Found Lisiz's Luxury Loot.
  9852 | D:5      | Entered Level 5 of the Dungeon
 10067 | D:5      | Noticed Eustachio
 10125 | D:5      | Noticed Grinder
 10152 | D:5      | Reached skill level 5 in Spellcasting
 11205 | D:5      | Reached XP level 8. HP: 67/79 MP: 2/16
 11440 | D:5      | Reached skill level 6 in Spellcasting
 11441 | D:5      | Noticed Duvessa
 11504 | D:5      | Reached skill level 5 in Fighting
 11504 | D:5      | Reached skill level 1 in Maces & Flails
 11560 | D:6      | Slain by an ogre

Illustrated notes

Levels and vault maps discovered:
D:1:      psy_arrival_dodecagon, layout_basic,
          dreamdust_ecumenical_altar_angels_and_demons
D:2:      layout_rooms, kennysheep_another_room
D:3:      layout_loops_cross, mainiacjoe_overflow_catwalk,
          cheibrodos_sewer_entry_sluice, minmay_liquid_box
D:4:      layout_loops_corners, nicolae_ashenzari_panopticon,
          hangedman_ru_absence, nicolae_alphabet_shops, uniq_ijyb
D:5:      layout_loops_ring, slow_altar_2, uniq_eustachio, uniq_grinder,
          uniq_duvessa
D:6:      layout_loops_cross, gammafunk_temple_overflow_forgotten,
          hellmonk_ghost_happy_afterlife

Skill      XL: |  1  2  3  4  5  6  7  8 |
---------------+-------------------------+-----
Conjurations   | 1 2 3 |  3.0
Fire Magic     | 3 4 |  4.8
Fighting       | 1 2 3 4 5 |  5.0
Spellcasting   | 3 4 5 6 |  6.2
Dodging        | 2 |  2.4
Stealth        | 2 |  2.1
Maces & Flails | 1 |  1.0
Throwing       | |  0.1

Action                   |  1- 3 |  4- 6 |  7- 9 || total
-------------------------+-------+-------+-------++-------
Melee: Short sword       |     7 |       |       ||     7
       Whip              |     4 |    58 |    36 ||    98
       Punch             |       |       |     1 ||     1
Throw: Boomerang         |       |       |    19 ||    19
 Cast: Foxfire           |    67 |   110 |    10 ||   187
       Scorch            |       |    24 |    61 ||    85
  Use: Scroll            |     1 |     3 |     3 ||     7
       Potion            |       |       |     3 ||     3
 Stab: Sleeping          |       |     1 |       ||     1
Armor: Robe              |    11 |    31 |    29 ||    71
Dodge: Dodged            |     8 |    57 |    50 ||   115
